 Dungeon Crawl Stone Soup version 0.28-a0-479-g5baa6b73be (webtiles) character file.

Game seed: 7171174009101887062

150 tatocazan the Skirmisher (level 5, -2/63 HPs)
             Began as a Demonspawn Fighter on Sept 18, 2021.
             Succumbed to a water moccasin's poison
             ... on level 3 of the Dungeon.
             The game lasted 00:01:54 (1948 turns).

tatocazan the Skirmisher (Demonspawn Fighter)       Turns: 1948, Time: 00:01:54

Health: -2/63      AC:  8    Str: 17    XL:     5   Next: 10%
Magic:  14/14      EV:  9    Int: 10    God:
Gold:   68         SH:  4    Dex: 12    Spells: 4/4 levels left

rFire   . . .      SeeInvis .   a - +0 war axe
rCold   + . .      Faith    .   c - +0 buckler
rNeg    . . .      Spirit   .   b - +0 scale mail
rPois   .          Reflect  .   k - +0 hat
rElec   .          Harm     .   (no cloak)
rCorr   .          Rampage  .   (no gloves)
Will    .....                   (no boots)
Stlth   ..........              (no amulet)
HPRegen 0.20/turn               e - ring of protection from cold
MPRegen 0.14/turn               f - ring of magical power

@: mighty, berserking, lethally poisoned (-2 -> -26), very quick
A: hooves 1, yellow scales 1, spiny 1
a: no special abilities


You were on level 3 of the Dungeon.
You visited 1 branch of the dungeon, and saw 3 of its levels.

You collected 68 gold pieces.

Inventory:

Hand Weapons
 a - a +0 war axe (weapon)
Armour
 b - a +0 scale mail (worn)
 c - a +0 buckler (worn)
 k - a +0 hat (worn)
Jewellery
 e - a ring of protection from cold (left hand)
 f - a ring of magical power (right hand)
 n - a +6 ring of intelligence
Scrolls
 h - a scroll of torment {unknown}
 i - a scroll of identify {unknown}
 j - a scroll of vulnerability {unknown}
Potions
 d - a potion of might
 l - 2 potions of brilliance {unknown}
 m - a potion of attraction {unknown}


   Skills:
 + Level 3.9 Fighting
 + Level 2.8 Axes
 + Level 3.5 Armour
 + Level 3.5 Shields


You had 4 spell levels left.
You didn't know any spells.
Your spell library contained the following spells:

 Spells                   Type           Power      Damage    Failure   Level
 Slow                     Hex            0%         N/A       89%         2
 Confusing Touch          Hex            0%         N/A       98%         3
 Vampiric Draining        Necr           0%         2d6       98%         3


Dungeon Overview and Level Annotations

Branches:
Dungeon (3/15)

Altars:

Annotations:
D:3 Robin


Innate Abilities, Weirdness & Mutations

You have large cloven feet.
You are partially covered in yellow scales. (AC +2)
You are partially covered in sharp spines.


Message History

You feel very sick. The water moccasin bites you.
You are more poisoned.
The water moccasin poisons you!
The ball python bites you but does no damage.
You block Robin's attack. The water moccasin bites you.
You take 15 damage, and have 19/42 hp.
MASSIVE DAMAGE!!
MP restored: 14 You feel very mighty all of a sudden.
You feel very sick.
The ball python is struck by your spines.
You kill the ball python!
You block the water moccasin's attack. The hobgoblin hits you.
Robin hits you but does no damage.
You take 5 damage, and have 14/42 hp.
It was a potion of berserk rage.
A red film seems to cover your vision as you go berserk!
You feel yourself moving faster!
You feel mighty!
You feel very sick. The water moccasin barely misses you.
The hobgoblin hits you.
* * * LOW HITPOINT WARNING * * *
Robin hits you but does no damage. The water moccasin bites you.
* * * LOW HITPOINT WARNING * * *
You are more poisoned.
The water moccasin poisons you!
You now have 10/63 hp.
You are too berserk!
You miss the water moccasin. You kick the water moccasin!
The water moccasin is almost dead.
You slash the hobgoblin!
You kill the hobgoblin!
You hit Robin.
* * * LOW HITPOINT WARNING * * *
You feel extremely sick. The water moccasin barely misses you.
Robin hits you but does no damage.
You take 7 damage, and have 3/63 hp.
You barely miss the water moccasin.
The water moccasin is almost dead.
You slash Robin!
You die...

.# .. #####.# ####.##
......# #.....# ).....#
#.#...# ).....#
#####>....## ##..###
###..........# ##..##
#...#.....#..# #
##..###..###.))###.###
#####.......#...@)#.....
....###.........gS......
........#........#.#...#
.####....#..........##(#
.####.......#..#..#..# .
.##...####.###...###.#
##..### ##..#..#..#..#
#..###....>.....#...##
#......#


You could see a water moccasin and Robin.

Vanquished Creatures
  An orc priest (D:3)
  4 adders (D:2)
  3 worms (D:2)
  4 orcs (D:3)
  5 ball pythons
  3 bats
  6 endoplasms
  6 giant cockroaches
  12 goblins
  4 hobgoblins
  5 kobolds
  4 quokkas
  2 frilled lizards
  8 rats
67 creatures vanquished.

Notes
Turn   | Place    | Note
-------+----------+-------------------------------------------
     0 | D:1      | tatocazan the Demonspawn Fighter began the quest for the
                  | Orb.
     0 | D:1      | Reached XP level 1. HP: 18/18 MP: 1/1
   268 | D:1      | Gained mutation: You have large cloven feet. [demonic
                  | ancestry]
   268 | D:1      | Reached XP level 2. HP: 17/24 MP: 2/2
   888 | D:2      | Found a faded altar of an unknown god.
   932 | D:2      | Gained mutation: You are partially covered in yellow
                  | scales. (AC +2) [demonic ancestry]
   932 | D:2      | Reached XP level 3. HP: 19/29 MP: 3/3
  1440 | D:2      | Reached XP level 4. HP: 26/36 MP: 4/4
  1935 | D:3      | Noticed a water moccasin
  1936 | D:3      | Noticed Robin
  1938 | D:3      | Gained mutation: You are partially covered in sharp spines.
                  | [demonic ancestry]
  1938 | D:3      | Reached XP level 5. HP: 36/42 MP: 5/5
  1947 | D:3      | HP: 3/63 [poisoned by a water moccasin]
  1948 | D:3      | Succumbed to a water moccasin's poison

Illustrated notes

Levels and vault maps discovered:
D:1:      dpeg_arrival_water_temple_mockup, layout_basic,
          ebering_dispersal_statue_hall
D:2:      layout_rooms, hellmonk_ecumenical_altar_blasted
D:3:      layout_rooms, serial_curves, eino_curves_04, eino_curves_04,
          eino_curves_02, eino_curves_01, minmay_strange_pillars, uniq_robin

Skill      XL: |  1  2 |
---------------+-------+-----
Axes           | 2 |  2.8
Armour         | 3 |  3.5
Shields        | 3 |  3.5
Fighting       | |  3.9

Action                   |  1- 3 |  4- 6 || total
-------------------------+-------+-------++-------
Melee: War axe           |    75 |    53 ||   128
       Kick              |    11 |    12 ||    23
  Use: Potion            |       |     2 ||     2
Armor: Scale mail        |    29 |    31 ||    60
Dodge: Dodged            |    37 |    28 ||    65
Block: Buckler           |    16 |    17 ||    33

Table legend: (Time is in decaauts)
 A = Elapsed time spent in this place.
 B = Non-inter-level travel time spent in this place.
 C = Inter-level travel time spent in this place.
 D = Time resting spent in this place.
 E = Time spent auto-exploring this place.
 F = Levels seen in this place.
 G = Mean time per level.
                   A        B        C        D        E       F      G
               +--------+--------+--------+--------+--------+-----+--------+
         Total |   1997 |   1906 |     91 |    233 |   1340 |   3 |  665.7 |
       Dungeon |   1997 |   1906 |     91 |    233 |   1340 |   3 |  665.7 |
               +--------+--------+--------+--------+--------+-----+--------+

Top non-repeatable levels by time:
     D:2: 915 daAuts
     D:1: 891 daAuts
     D:3: 190 daAuts
